AoeStats
← paulgabduggan

Arabia

504264984Analyzed
1v1 RM · 27d ago on Sep 4, 2026· 52m 4s· 2 players
Game mode
Random Map
Map size
Tiny (2 player)
Population
200
Speed
Normal
Resources
Standard
Victory
Conquest
Starting age
Dark Age
Ending age
Imperial Age
RankedLock teamsTeams togetherTeam positionsShared explorationLock speedFull tech treeHidden civsTurbo modeCheats
Victory
Defeat
🇨🇳 Huns · China
1534
+15
🇺🇸 Malians · United States
1522
-15
paulgabduggan
6:49 Loom
9:26 Feudal Age
9:26 Man-at-Arms
17:46 Fletching
21:35 Castle Age
20:57 Gold Mining
21:00 Horse Collar
21:50 Bloodlines
22:07 Scale Barding Armor
22:26 Scale Barding Armor
28:50 Chain Barding Armor
33:06 Forging
36:56 Imperial Age
35:30 Husbandry
36:57 Heavy Camel Rider
38:39 Plate Barding Armor
39:57 Double-Bit Axe
42:05 Wheelbarrow
41:15 Town Watch
42:28 Bodkin Arrow
42:56 Bow Saw
42:26 Elite Skirmisher
43:29 Conscription
44:14 Padded Archer Armor
45:00 Ballistics
45:58 Leather Archer Armor
46:21 Tigui
48:00 Chemistry
Houraisan Kaguya
6:25 Loom
8:34 Feudal Age
9:33 Double-Bit Axe
16:17 Horse Collar
16:56 Fletching
23:29 Castle Age
22:11 Bloodlines
22:06 Padded Archer Armor
22:37 Scale Barding Armor
24:09 Bodkin Arrow
23:36 Crossbowman
25:17 Wheelbarrow
27:35 Thumb Ring
28:27 Husbandry
28:56 Leather Archer Armor
32:16 Ballistics
34:53 Hand Cart
35:35 Gold Mining
36:45 Stone Mining
37:31 Gold Shaft Mining
37:09 Bow Saw
37:21 Town Watch
40:24 Imperial Age
40:13 Bow Saw
40:05 Heavy Plow
40:25 Heavy Cavalry Archer
41:07 Bracer
40:36 Light Cavalry
42:42 Chemistry
42:28 Chain Barding Armor
42:18 Forging
43:02 Parthian Tactics
42:00 Pikeman
42:41 Squires
42:42 Town Watch
42:40 Hussar
44:52 Plate Barding Armor
45:35 Iron Casting
45:43 Conscription
48:17 Blast Furnace
48:35 Two-Man Saw
48:23 Town Patrol
49:26 Gold Shaft Mining
48:19 Capped Ram
50:11 Siege Ram
51:52 Scale Mail Armor
Connection lost

Rejoining the realm…

Still unreachable

The connection could not be restored.

Session expired

The server has moved on; the page needs a fresh start.